[Event "Titled Tuesday Blitz February 07 Early 2023"]
[White "Gharibyan, Mamikon"]
[Black "Orzech, Dominik"]
[WhiteFideId "13308300"]
[BlackFideId "1115065"]
[WhiteElo "2500"]
[BlackElo "2308"]
[Result "0-1"]
[Round "02"]
[TimeControl "180+2"]
[Date "2023.02.07"]
[WhiteClock "0:00:04"]
[BlackClock "0:00:57"]

1. e4 c6 2. Nf3 d5 3. d3 Nf6 4. e5 Nfd7 5. e6 fxe6 6. Qe2 Nf6 7. g3 g6 8. Ng5 Bg7 9. Nxe6 Bxe6 10. Qxe6 Nbd7 11. Bg2 Nc5 12. Qe3 d4 13. Qe2 O-O 14. O-O Nd5 15. Nd2 e5 16. Nc4 Qf6 17. Bd2 Rae8 18. a4 Kh8 19. b4 Ne6 20. Nd6 Nef4 21. Bxf4 Nxf4 22. gxf4 Qxd6 23. fxe5 Bxe5 24. Be4 Bxh2+ 25. Kg2 Qf6 26. Qg4 Re5 27. Kxh2 Rh5+ 28. Kg3 Rg5 29. f3 Qf4+ 30. Kh3 Rxg4 31. fxg4 Qe3+ 32. Kg2 Qe2+ 33. Kg1 Qxg4+ 34. Kh2 Qh4+ 35. Kg2 Qg5+ 36. Kh2 Qh6+ 37. Kg2 Qd2+ 38. Kg1 Rxf1+ 39. Rxf1 Qxb4 40. Rf7 a5 41. Kg2 b5 42. Kg3 bxa4 43. Kf4 Qd6+ 44. Kg5 Qe5+ 45. Kg4 a3 0-1


[Site "https://www.chess.com"]

[Event "Titled Tuesday Blitz February 07 Early 2023"]
[White "Mathieu, Phileas"]
[Black "Samunenkov, Ihor"]
[WhiteFideId "36048410"]
[BlackFideId "14187086"]
[WhiteElo "2374"]
[BlackElo "2501"]
[Result "1/2-1/2"]
[Round "02"]
[TimeControl "180+2"]
[Date "2023.02.07"]
[WhiteClock "0:00:11"]
[BlackClock "0:00:04"]

1. Nf3 d5 2. c4 e6 3. g3 Nf6 4. Bg2 Be7 5. O-O O-O 6. b3 c5 7. Bb2 d4 8. e3 Nc6 9. exd4 cxd4 10. Re1 a5 11. d3 Bc5 12. Nbd2 Re8 13. Ne5 Nxe5 14. Rxe5 Nd7 15. Re2 e5 16. Ne4 Bf8 17. Qc1 a4 18. Ba3 Bxa3 19. Qxa3 Qc7 20. Nd6 Re6 21. Nb5 Qd8 22. Bd5 Re7 23. Rae1 Ra6 24. Nxd4 axb3 25. Qxb3 Nc5 26. Qc2 Qe8 27. Nb3 b6 28. d4 Nxb3 29. axb3 Bg4 30. Rxe5 Rxe5 31. Rxe5 Qd7 32. Re1 g6 33. h4 b5 34. Qe4 bxc4 35. bxc4 Be6 36. Bb7 Rd6 37. d5 Qxb7 38. dxe6 Qxe4 39. Rxe4 fxe6 40. Kg2 Kf7 41. Rf4+ Ke7 42. Kf3 e5 43. Re4 Ke6 44. Kg4 Kf6 45. f4 h5+ 46. Kh3 exf4 47. Rxf4+ Ke5 48. Kg2 Rd2+ 49. Kf3 Rd3+ 50. Kf2 Rd2+ 51. Ke3 Rg2 52. Kf3 Rc2 53. Re4+ Kf5 54. Rd4 Rc3+ 55. Kg2 Rc2+ 56. Kh3 Ke6 57. Rf4 Rc3 58. Kg2 Rc2+ 59. Kf3 Rc3+ 60. Kf2 Rc2+ 61. Ke1 Rc3 62. g4 Ke5 63. Rf8 hxg4 64. Kf2 Rxc4 65. Kg3 Ke6 66. Rf4 Rxf4 67. Kxf4 Kf6 68. Kxg4 Kg7 69. h5 gxh5+ 70. Kxh5 1/2-1/2


[Site "https://www.chess.com"]

[Event "Titled Tuesday Blitz February 07 Early 2023"]
[White "Mohamed Anees M"]
[Black "Remizov, Yaroslav"]
[WhiteFideId "35065815"]
[BlackFideId "34134015"]
[WhiteElo "2315"]
[BlackElo "2421"]
[Result "0-1"]
[Round "02"]
[TimeControl "180+2"]
[Date "2023.02.07"]
[WhiteClock "0:01:13"]
[BlackClock "0:01:49"]

1. b3 e5 2. Bb2 Nc6 3. c4 Nf6 4. g3 d5 5. Bg2 Be6 6. d3 Bc5 7. Nf3 e4 8. Ng5 Bxf2+ 9. Kf1 Ng4 10. Nxe6 Ne3+ 11. Kxf2 Nxd1+ 12. Rxd1 fxe6 13. dxe4 O-O+ 14. Kg1 d4 15. Nd2 Qg5 16. Nf1 e5 17. Bf3 h5 18. h4 Qf6 19. Kg2 g5 20. hxg5 Qxg5 21. Bc1 Qg6 22. Nh2 Kf7 23. Rf1 Ke6 24. Ba3 Rg8 25. g4 Rg7 26. Kh1 hxg4 27. Bxg4+ Qxg4 28. Nxg4 Rxg4 29. Rf2 Rh8+ 30. Rh2 Rxh2+ 31. Kxh2 Rxe4 32. Re1 d3 33. e3 Nd4 34. Bc1 Nf3+ 0-1


[Site "https://www.chess.com"]

[Event "Titled Tuesday Blitz February 07 Early 2023"]
[White "Kopczynski, Michal"]
[Black "Gokerkan, Cem Kaan"]
[WhiteFideId "1124200"]
[BlackFideId "6336760"]
[WhiteElo "2225"]
[BlackElo "2500"]
[Result "0-1"]
[Round "02"]
[TimeControl "180+2"]
[Date "2023.02.07"]
[WhiteClock "0:01:14"]
[BlackClock "0:00:57"]

1. e4 c5 2. d4 cxd4 3. c3 d5 4. exd5 Nf6 5. cxd4 Nxd5 6. Nf3 Nc6 7. Be2 Bg4 8. Nc3 e6 9. O-O Be7 10. h3 Bh5 11. Nxd5 Qxd5 12. Be3 O-O 13. Rc1 Rfd8 14. Qa4 a6 15. Rfd1 Rac8 16. a3 h6 17. Rd2 Qd7 18. d5 exd5 19. Bb6 Nd4 20. Rxc8 Nxe2+ 21. Rxe2 Qxa4 22. Bxd8 Bxd8 23. Rxd8+ Kh7 24. Rxd5 Bxf3 25. gxf3 Qb3 26. Rf5 Qd1+ 0-1


[Site "https://www.chess.com"]

[Event "Titled Tuesday Blitz February 07 Early 2023"]
[White "Bjerre, Jonas Buhl"]
[Black "Poliakova, Varvara"]
[WhiteFideId "1444948"]
[BlackFideId "13518313"]
[WhiteElo "2602"]
[BlackElo "2010"]
[Result "1-0"]
[Round "02"]
[TimeControl "180+2"]
[Date "2023.02.07"]
[WhiteClock "0:00:50"]
[BlackClock "0:00:34"]

1. d4 Nf6 2. Nf3 e6 3. c4 b6 4. g3 Bb7 5. Bg2 Be7 6. O-O O-O 7. Nc3 Ne4 8. Bd2 d6 9. Qc2 Nxd2 10. Qxd2 Bf6 11. e4 e5 12. Rad1 Nd7 13. Nd5 exd4 14. Nxd4 Nc5 15. b4 Ne6 16. Nxf6+ Qxf6 17. e5 dxe5 18. Nxe6 Bxg2 19. Nxf8 Bxf1 20. Nd7 Qc6 21. Rxf1 Rd8 22. Nxe5 Rxd2 23. Nxc6 Rxa2 24. Rd1 h5 25. Rd7 a5 26. bxa5 bxa5 27. Rxc7 a4 28. c5 Rc2 29. Nb4 Rc4 30. Nd3 a3 31. Ra7 Rc3 32. Nf4 h4 33. gxh4 Rxc5 34. Rxa3 Rc4 35. Rf3 g6 36. Kg2 Kg7 37. Kg3 f5 38. Re3 Kh6 39. Re6 Rc3+ 40. f3 1-0


[Site "https://www.chess.com"]

[Event "Titled Tuesday Blitz February 07 Early 2023"]
[White "Janaszak, Dawid"]
[Black "Zhigalko, Sergei"]
[WhiteFideId "1119206"]
[BlackFideId "13502956"]
[WhiteElo "2316"]
[BlackElo "2572"]
[Result "0-1"]
[Round "02"]
[TimeControl "180+2"]
[Date "2023.02.07"]
[WhiteClock "0:00:10"]
[BlackClock "0:00:05"]

1. e4 c5 2. Nc3 Nc6 3. f4 g6 4. Nf3 Bg7 5. Bb5 Nd4 6. O-O a6 7. Bd3 d6 8. Nxd4 cxd4 9. Ne2 Nf6 10. c3 Bg4 11. h3 Bxe2 12. Qxe2 O-O 13. e5 dxe5 14. fxe5 Nd5 15. e6 f5 16. Kh1 Qd6 17. Bc4 Nb6 18. Bb3 d3 19. Qf3 Rab8 20. a4 a5 21. Re1 Rfd8 22. Qe3 Rbc8 23. Bd1 Nc4 24. Qf2 Nb6 25. b3 Nd5 26. Ba3 Qc7 27. Bf3 Nf4 28. Rab1 Bf6 29. Qe3 g5 30. Rf1 Ng6 31. Bh5 Nh4 32. Qf2 f4 33. Bg4 Qc6 34. Rbe1 Kg7 35. Kh2 Rf8 36. g3 Ng6 37. Bf5 Qc7 38. Kg2 fxg3 39. Qxg3 Nh4+ 40. Kh2 Qxg3+ 41. Kxg3 Rcd8 42. Bg4 h6 43. Re3 Ng6 44. Rfe1 Nf4 45. Re4 Rc8 46. Rc4 Rxc4 47. bxc4 Rc8 48. c5 Nd5 49. Rb1 Rc7 50. Rb5 Nf4 51. Rxa5 Ne2+ 52. Kg2 Be5 53. Rb5 Kf6 54. Kf3 Ng1+ 55. Ke4 Ne2 56. Kxd3 Nf4+ 57. Ke4 h5 58. d4 Bxd4 59. cxd4 hxg4 60. hxg4 Kxe6 61. a5 Nd5 62. a6 Nc3+ 63. Kd3 Nxb5 64. a7 Nxa7 65. Kc4 Rc8 66. d5+ Kd7 67. Bc1 Rf8 68. Bxg5 Rg8 0-1


[Site "https://www.chess.com"]

[Event "Titled Tuesday Blitz February 07 Early 2023"]
[White "Ozen, Bahadir"]
[Black "Maksimenko, Viktor"]
[WhiteFideId "6337058"]
[BlackFideId "13710478"]
[WhiteElo "2369"]
[BlackElo "2196"]
[Result "1-0"]
[Round "02"]
[TimeControl "180+2"]
[Date "2023.02.07"]
[WhiteClock "0:00:18"]
[BlackClock "0:00:23"]

1. g3 d5 2. Nf3 Nf6 3. Bg2 Bf5 4. d3 h6 5. c4 c6 6. Qb3 Qb6 7. Qxb6 axb6 8. cxd5 cxd5 9. Nd4 Bg6 10. Nc3 e6 11. Ndb5 Kd7 12. O-O Nc6 13. a3 Be7 14. Bf4 Rhc8 15. Rfc1 Na5 16. Na4 Bd8 17. Rxc8 Rxc8 18. b4 Nc6 19. Be3 Ra8 20. Nxb6+ Bxb6 21. Bxb6 Nxb4 22. Rb1 Nc6 23. f4 Ne8 24. Kf2 Nd6 25. Nxd6 Kxd6 26. Rb3 f6 27. e4 dxe4 28. dxe4 e5 29. Rd3+ Ke7 30. Bc5+ Ke8 31. Ke3 Bf7 32. Bh3 Rd8 33. Rxd8+ Kxd8 34. Bf8 g5 35. Bxh6 gxf4+ 36. gxf4 Na5 37. fxe5 fxe5 38. Bf8 Nc4+ 39. Kf2 Nd2 40. Bf5 Ke8 41. Bc5 Nb3 42. Bd6 Nd4 43. Bc8 Nb5 44. Bxe5 Nxa3 45. Bxb7 Nc4 46. Bf6 Nd6 47. Bc6+ Kf8 48. Ke3 Be6 49. Kf4 Kf7 50. Bd4 Ne8 51. h4 Kg6 52. Bxe8+ 1-0


[Site "https://www.chess.com"]

[Event "Titled Tuesday Blitz February 07 Early 2023"]
[White "Karas, Marek"]
[Black "Sethuraman, S.P."]
[WhiteFideId "14928558"]
[BlackFideId "5021596"]
[WhiteElo "2227"]
[BlackElo "2626"]
[Result "1-0"]
[Round "02"]
[TimeControl "180+2"]
[Date "2023.02.07"]
[WhiteClock "0:00:55"]
[BlackClock "0:00:11"]

1. d4 d5 2. Nf3 Nf6 3. c4 e6 4. Nc3 c6 5. cxd5 exd5 6. Bg5 Bf5 7. e3 Nbd7 8. Bd3 Bxd3 9. Qxd3 Be7 10. O-O O-O 11. Rab1 a5 12. h3 Re8 13. Bf4 b5 14. Rfc1 Qb6 15. Ne5 Nxe5 16. Bxe5 Nd7 17. Bf4 Nf8 18. Rc2 Ne6 19. Bg3 Red8 20. Rbc1 Rac8 21. Nxb5 c5 22. dxc5 Bxc5 23. Nc3 Qb7 24. Na4 Bf8 25. Rxc8 Rxc8 26. Rxc8 Qxc8 27. Qxd5 Qc1+ 28. Kh2 Qe1 29. Nc3 Qc1 30. Qb5 h5 31. Qxh5 Qxb2 32. Qxa5 Qc2 33. Nd5 Kh7 34. Nf4 Nc5 35. Qa7 Qf5 36. Qb8 Nd7 37. Qc8 g5 38. Ne2 Bg7 39. Nd4 Qd5 40. Qc2+ Kg8 41. Qf5 Nb6 42. Qxd5 Nxd5 43. Nf5 Bc3 44. Bd6 Kh7 45. e4 Nf6 46. f3 Kg6 47. Ne7+ Kg7 48. Nd5 Nxd5 49. exd5 Kf6 50. Kg3 Be1+ 51. Kh2 Kf5 52. Kg1 Bc3 53. Kf1 Bd4 54. Ke2 f6 55. g4+ Kg6 56. Kd3 Bb6 57. Kc4 Kf7 58. Kb5 Be3 59. Kc6 Ke8 60. Bc7 Bf4 61. Bxf4 gxf4 62. d6 1-0


[Site "https://www.chess.com"]

[Event "Titled Tuesday Blitz February 07 Early 2023"]
[White "Harsh Suresh"]
[Black "Lamaze, Simon"]
[WhiteFideId "45018464"]
[BlackFideId "36069264"]
[WhiteElo "2298"]
[BlackElo "2363"]
[Result "0-1"]
[Round "02"]
[TimeControl "180+2"]
[Date "2023.02.07"]
[WhiteClock "0:00:04"]
[BlackClock "0:00:20"]

1. e4 c5 2. Nc3 Nc6 3. Bb5 Nd4 4. Bc4 e6 5. Nf3 a6 6. Nxd4 cxd4 7. Ne2 Nf6 8. d3 Bc5 9. Bb3 d5 10. e5 Nd7 11. Bf4 f6 12. exf6 Qxf6 13. O-O O-O 14. Bg3 Ne5 15. Nf4 g6 16. Re1 Nf7 17. Qe2 Nd8 18. a3 Bd7 19. h4 Rc8 20. h5 g5 21. Nxd5 exd5 22. Bxd5+ Nf7 23. Bxb7 Rce8 24. Qd2 Bd6 25. Bd5 Bxg3 26. fxg3 Kg7 27. Rxe8 Bxe8 28. Rf1 Qe5 29. Be4 Nd6 30. Rxf8 Kxf8 31. Bxh7 Bxh5 32. Kh2 Kg7 33. Be4 Bg6 34. Bf3 Nf5 35. Qxg5 Qe3 36. Qg4 Qh6+ 37. Kg1 Qc1+ 38. Kh2 Qxc2 39. Be4 Qc5 40. Qg5 Qe5 41. Kh3 Qf6 42. Qf4 Ne3 43. Qc7+ Kh6 44. Bxg6 Kxg6 45. Kh2 Ng4+ 46. Kh3 Nf2+ 47. Kh2 Nxd3 48. Qc2 Qf5 49. Qc6+ Kh5 50. Qxa6 Ne5 51. Qa8 Ng4+ 52. Kh3 Ne3+ 53. Kh2 Ng4+ 54. Kh3 d3 55. Qh8+ Nh6+ 56. Kh2 d2 57. Qd4 Ng4+ 58. Kh3 Nf2+ 59. Kh2 d1=Q 60. Qh8+ Kg6 61. Qg8+ Kf6 62. Qf8+ Ke5 63. Qe7+ Kd4 64. Qd6+ Ke3 65. Qb6+ Qd4 66. Qb3+ Nd3 67. Qd1 Qh8+ 68. Kg1 Qf2# 0-1


[Site "https://www.chess.com"]

[Event "Titled Tuesday Blitz February 07 Early 2023"]
[White "Baghdasaryan, Vahe"]
[Black "Yuan, Qingyu"]
[WhiteFideId "13303139"]
[BlackFideId "8609772"]
[WhiteElo "2257"]
[BlackElo "2373"]
[Result "0-1"]
[Round "02"]
[TimeControl "180+2"]
[Date "2023.02.07"]
[WhiteClock "0:00:15"]
[BlackClock "0:00:52"]

1. e4 e5 2. Nf3 Nc6 3. Bc4 Bc5 4. b4 Bxb4 5. c3 Be7 6. d4 Na5 7. Bd3 d6 8. dxe5 dxe5 9. Nxe5 Nf6 10. O-O O-O 11. Qc2 c5 12. Nd2 Qc7 13. f4 Bd6 14. Ndf3 c4 15. Be2 b6 16. Nxc4 Nxc4 17. e5 Nxe5 18. fxe5 Bxe5 19. Nxe5 Qxe5 20. Ba3 Re8 21. Bf3 Bf5 22. Qa4 Bd7 23. Qh4 Rac8 24. Rae1 Qxc3 25. Bb4 Qc4 26. Rxe8+ Bxe8 27. Qh3 Bd7 0-1


[Site "https://www.chess.com"]

[Event "Titled Tuesday Blitz February 07 Early 2023"]
[White "Ivic, Velimir"]
[Black "Alinasab, Mobina"]
[WhiteFideId "950122"]
[BlackFideId "12528897"]
[WhiteElo "2595"]
[BlackElo "2347"]
[Result "1-0"]
[Round "02"]
[TimeControl "180+2"]
[Date "2023.02.07"]
[WhiteClock "0:01:01"]
[BlackClock "0:00:41"]

1. e4 c5 2. Nf3 d6 3. d4 cxd4 4. Nxd4 Nf6 5. Nc3 a6 6. Be3 e5 7. Nb3 Be6 8. f3 h5 9. Qd2 Nbd7 10. O-O-O Rc8 11. Kb1 b5 12. Nd5 Bxd5 13. exd5 Nb6 14. Bxb6 Qxb6 15. Na5 Be7 16. c4 bxc4 17. Bxc4 O-O 18. Nc6 Rfe8 19. Rhe1 Bf8 20. Qc2 g6 21. a3 Nd7 22. Ka2 Nb8 23. Rc1 Bh6 24. Rcd1 Kg7 25. Qb3 Qxb3+ 26. Bxb3 f5 27. Ba4 Rf8 28. Re2 1-0


[Site "https://www.chess.com"]

[Event "Titled Tuesday Blitz February 07 Early 2023"]
[White "Sekar, B"]
[Black "Guseinov, Gadir"]
[WhiteFideId "5043743"]
[BlackFideId "13401378"]
[WhiteElo "2333"]
[BlackElo "2661"]
[Result "0-1"]
[Round "02"]
[TimeControl "180+2"]
[Date "2023.02.07"]
[WhiteClock "0:01:53"]
[BlackClock "0:02:13"]

1. e4 c5 2. Nf3 g6 3. d4 cxd4 4. Nxd4 Nc6 5. Nc3 Bg7 6. Be3 Nf6 7. Bc4 O-O 8. Bb3 d5 9. exd5 Na5 10. Nde2 a6 11. O-O b5 12. d6 exd6 13. Nf4 Nxb3 14. axb3 Bb7 15. Bd4 Rc8 16. Ncd5 Nxd5 17. Nxd5 Bxd5 18. Bxg7 Qg5 0-1


[Site "https://www.chess.com"]

[Event "Titled Tuesday Blitz February 07 Early 2023"]
[White "Ohanyan, Emin"]
[Black "Olenik Campa, Rudi"]
[WhiteFideId "13312022"]
[BlackFideId "14633264"]
[WhiteElo "2444"]
[BlackElo "2356"]
[Result "1-0"]
[Round "02"]
[TimeControl "180+2"]
[Date "2023.02.07"]
[WhiteClock "0:01:06"]
[BlackClock "0:00:16"]

1. e4 e6 2. d4 d5 3. Nc3 Nf6 4. e5 Nfd7 5. f4 c5 6. Nf3 Nc6 7. Be3 a6 8. Qd2 b5 9. dxc5 Bxc5 10. Bd3 Qb6 11. Bf2 Bb7 12. O-O O-O 13. Rae1 Bxf2+ 14. Rxf2 Nc5 15. f5 b4 16. f6 h6 17. fxg7 Kxg7 18. Na4 Nxa4 19. Qf4 Qd8 20. Qg4+ Kh8 21. Qh5 Kg7 22. Re3 f5 23. Nh4 Rg8 24. Rg3+ Kh7 25. Rxf5 Rxg3 26. Rg5+ 1-0


[Site "https://www.chess.com"]

[Event "Titled Tuesday Blitz February 07 Early 2023"]
[White "Sourath Biswas"]
[Black "Aitbayev, Aslan"]
[WhiteFideId "35091484"]
[BlackFideId "13704613"]
[WhiteElo "2281"]
[BlackElo "2427"]
[Result "1-0"]
[Round "02"]
[TimeControl "180+2"]
[Date "2023.02.07"]
[WhiteClock "0:00:28"]
[BlackClock "0:00:06"]

1. d4 d6 2. Bf4 g6 3. Nc3 Bg7 4. e4 a6 5. Nf3 b5 6. Qd2 Bb7 7. Bd3 Nd7 8. h4 h5 9. O-O-O c5 10. Be3 cxd4 11. Bxd4 Ngf6 12. e5 dxe5 13. Nxe5 b4 14. Ne2 Nxe5 15. Bxe5 Qa5 16. Bd4 Qxa2 17. Qxb4 Bd5 18. Nc3 Bh6+ 19. Be3 Bxe3+ 20. fxe3 Qa1+ 21. Kd2 Qxd1+ 22. Rxd1 Bxg2 23. Qa4+ Kf8 24. Rg1 Bf3 25. e4 Kg7 26. e5 Ng4 27. e6 f6 28. Qd7 Rhe8 29. Qc7 Rad8 30. Kc1 Ne5 31. Bxa6 Rd6 32. Bb5 Bc6 33. Bxc6 Rxc6 34. Qb7 Rxe6 35. Nd5 Kf7 36. Nc7 Rd6 37. Nxe8 Kxe8 38. Rd1 Re6 39. Qc8+ Kf7 40. Rd8 g5 41. Rf8+ Kg7 42. Qxe6 Kxf8 43. hxg5 Ng4 44. g6 Kg7 45. Qf7+ Kh6 46. g7 Kg5 47. g8=Q+ 1-0


[Site "https://www.chess.com"]

[Event "Titled Tuesday Blitz February 07 Early 2023"]
[White "Kaasen, Tor Fredrik"]
[Black "Taboas Rodriguez, Daniel"]
[WhiteFideId "1516647"]
[BlackFideId "2208466"]
[WhiteElo "2480"]
[BlackElo "2371"]
[Result "1-0"]
[Round "02"]
[TimeControl "180+2"]
[Date "2023.02.07"]
[WhiteClock "0:00:41"]
[BlackClock "0:00:06"]

1. Nf3 Nf6 2. e3 g6 3. c4 Bg7 4. Nc3 O-O 5. b3 b6 6. Bb2 Bb7 7. d4 d5 8. cxd5 Nxd5 9. Nxd5 Bxd5 10. Be2 c5 11. Qd2 cxd4 12. Bxd4 Nc6 13. Bxg7 Kxg7 14. Rd1 e6 15. O-O Qf6 16. Nd4 Nxd4 17. Qxd4 Rac8 18. e4 Ba8 19. Bc4 Rfd8 20. Qxf6+ Kxf6 21. f3 e5 22. Ba6 Rb8 23. Rc1 Ke7 24. Rc7+ Rd7 25. Rfc1 Kd6 26. Rxd7+ Kxd7 27. Bb5+ Kd6 28. Rd1+ Kc5 29. Bc4 f5 30. exf5 gxf5 31. Rd7 b5 32. Bf1 a5 33. Rxh7 Rd8 34. Ra7 Kb4 35. a3+ Kxb3 36. Rxa5 Bd5 37. Rxb5+ Kxa3 38. h4 f4 39. h5 Ka4 40. h6 Bg8 41. Rxe5 Rd1 42. Kf2 Rd2+ 43. Be2 Rd6 44. Rh5 Bh7 45. Rh4 Rf6 46. g3 Kb4 47. gxf4 Kc5 48. Bf1 Kd6 49. Bh3 Ke7 50. Ke3 Kf7 51. f5 Kg8 52. Kf4 Ra6 53. Kg5 Kh8 54. Rb4 Bg8 55. f6 1-0


[Site "https://www.chess.com"]

[Event "Titled Tuesday Blitz February 07 Early 2023"]
[White "Sukandar, Irine Kharisma"]
[Black "Lodici, Lorenzo"]
[WhiteFideId "7101937"]
[BlackFideId "884189"]
[WhiteElo "2390"]
[BlackElo "2524"]
[Result "1-0"]
[Round "02"]
[TimeControl "180+2"]
[Date "2023.02.07"]
[WhiteClock "0:01:46"]
[BlackClock "0:01:25"]

1. d4 Nf6 2. Bf4 d6 3. Nc3 Nc6 4. e4 e5 5. dxe5 dxe5 6. Qxd8+ Kxd8 7. O-O-O+ Bd7 8. Bg5 Be7 9. Nf3 Ng4 10. Bxe7+ Nxe7 11. Rd2 f6 12. Bb5 c6 13. Rhd1 cxb5 14. Rxd7+ Ke8 15. Rxb7 a6 16. Rdd7 Nc6 17. Nd5 Nxf2 18. Rxg7 1-0


[Site "https://www.chess.com"]

[Event "Titled Tuesday Blitz February 07 Early 2023"]
[White "Perez Gormaz, Matias"]
[Black "Perez Ponsa, Federico"]
[WhiteFideId "3406342"]
[BlackFideId "117927"]
[WhiteElo "2406"]
[BlackElo "2532"]
[Result "0-1"]
[Round "02"]
[TimeControl "180+2"]
[Date "2023.02.07"]
[WhiteClock "0:00:02"]
[BlackClock "0:00:12"]

1. Nf3 Nf6 2. g3 g6 3. b3 Bg7 4. Bb2 c5 5. c4 d6 6. d4 Ne4 7. Bg2 Qa5+ 8. Nbd2 Nc6 9. e3 Bg4 10. O-O Nxd2 11. Qxd2 Qxd2 12. Nxd2 cxd4 13. Bxc6+ bxc6 14. exd4 Kd7 15. Rfe1 a5 16. Re3 Rhb8 17. Rae1 Bf8 18. Ne4 Bf5 19. Ng5 h6 20. Nh7 Ke8 21. Nxf8 Kxf8 22. Rxe7 a4 23. R7e3 axb3 24. axb3 Bc2 25. d5 cxd5 26. cxd5 Rxb3 27. Rxb3 Bxb3 28. Bf6 Bxd5 29. Be7+ Kg8 30. Bxd6 h5 31. h4 Be6 32. Be5 Kh7 33. Rb1 Ra5 34. Bd4 g5 35. hxg5 Rxg5 36. Bf6 Rg6 37. Bh4 Rg4 38. Re1 Kg6 39. Re5 Bf5 40. Re3 Rc4 41. Re1 Be4 42. Kh2 Kf5 43. Rd1 Rc2 44. Kg1 Bf3 45. Re1 Kg4 46. Ra1 f5 47. Ra4+ Be4 48. Ra1 Kf3 49. Ra3+ Kg4 50. Ra1 Kh3 51. Re1 Rb2 52. Bg5 Kg4 53. Bh4 Ra2 54. Rc1 Rd2 55. Re1 Rd3 56. Rc1 f4 57. Re1 Bf3 58. Rc1 Rd2 59. Re1 fxg3 60. Bxg3 h4 61. Bh2 Rd7 62. Rc1 Rg7 63. Be5 Rg5 64. Bf6 Rg6 65. Bd4 Kh3+ 66. Kf1 Bg2+ 67. Ke1 Re6+ 68. Be3 Bf3 69. Rc4 Be4 70. Rd4 Kg2 71. Kd2 h3 72. Rd8 h2 73. Rg8+ Kf1 74. Rh8 h1=Q 75. Rxh1+ Bxh1 76. Bd4 Re2+ 77. Kc3 Bf3 78. Be3 Kg2 79. Kd4 Kh3 80. Ke5 Kg4 81. Kd4 Re1 82. Ke5 Rd1 83. Ke6 Rd8 84. Ke5 Re8+ 85. Kd4 Kf5 86. Kd3 Rd8+ 87. Kc4 Ke4 88. Kc5 Rd5+ 89. Kc4 Be2+ 90. Kc3 Rd3+ 91. Kb4 Kd5 92. Ka4 Bd1+ 93. Kb4 Rb3+ 94. Ka5 Kc6 95. Bd2 Rb5+ 96. Ka6 Rb2 97. Ba5 Ra2 98. f4 Be2+ 0-1


[Site "https://www.chess.com"]

[Event "Titled Tuesday Blitz February 07 Early 2023"]
[White "Boruchovsky, Avital"]
[Black "Tarlabasi, Emirhan"]
[WhiteFideId "2800055"]
[BlackFideId "6350275"]
[WhiteElo "2539"]
[BlackElo "2300"]
[Result "0-1"]
[Round "02"]
[TimeControl "180+2"]
[Date "2023.02.07"]
[WhiteClock "0:00:06"]
[BlackClock "0:00:10"]

1. c4 e6 2. Nc3 d5 3. d4 Nf6 4. Bg5 Be7 5. e3 O-O 6. Qc2 h6 7. h4 c5 8. dxc5 dxc4 9. Bxc4 Qa5 10. Nf3 Nc6 11. a3 Qxc5 12. Ba2 Rd8 13. Rc1 b6 14. Bb1 Bb7 15. Bxf6 Bxf6 16. Qh7+ Kf8 17. O-O Qh5 18. Ne4 Ke7 19. Nxf6 gxf6 20. Qe4 Rac8 21. Nd4 Na5 22. Qf4 Qe5 23. Qxe5 fxe5 24. Nb5 a6 25. Nc3 Nc4 26. Rc2 Nxb2 27. Rxb2 Rxc3 28. Rxb6 Rd7 29. Re1 Rxa3 30. f3 Bd5 31. Kf2 Bc4 32. Rc1 Bb5 33. Be4 Rd2+ 34. Kg3 Rxe3 35. Rc7+ Rd7 36. Rxd7+ Kxd7 37. Rb7+ Ke8 38. Ra7 f5 39. Bb7 Re2 40. Bxa6 Bxa6 41. Rxa6 Kf7 42. Kh3 h5 43. Ra8 e4 44. fxe4 Rxe4 45. Rh8 Kg6 46. Re8 Re3+ 47. Kh2 f4 48. Rf8 e5 49. Re8 Kf5 50. Rg8 Rg3 51. Rxg3 fxg3+ 52. Kxg3 Ke4 53. Kh3 Kf4 54. g4 hxg4+ 55. Kg2 e4 56. Kf2 e3+ 57. Ke2 g3 58. h5 g2 59. h6 g1=Q 60. h7 Qf2+ 0-1


[Site "https://www.chess.com"]

[Event "Titled Tuesday Blitz February 07 Early 2023"]
[White "Alexakis, Dimitris"]
[Black "Hirneise, Jens"]
[WhiteFideId "4277023"]
[BlackFideId "24614734"]
[WhiteElo "2436"]
[BlackElo "2277"]
[Result "1-0"]
[Round "02"]
[TimeControl "180+2"]
[Date "2023.02.07"]
[WhiteClock "0:00:49"]
[BlackClock "0:00:07"]

1. Nf3 Nf6 2. g3 d5 3. Bg2 Bg4 4. O-O c6 5. d4 Bxf3 6. Bxf3 e6 7. c4 Be7 8. Qb3 Qb6 9. Nc3 O-O 10. Bf4 Nbd7 11. Rfd1 Rfc8 12. h4 dxc4 13. Qxc4 Nd5 14. Rab1 Nxf4 15. gxf4 Bxh4 16. e3 Be7 17. b4 Nf6 18. e4 Qc7 19. f5 Qf4 20. Rd3 exf5 21. e5 Ng4 22. Bxg4 fxg4 23. Re1 Bh4 24. Ne4 Rd8 25. Re2 h5 26. Nd6 Rxd6 27. exd6 Qxd6 28. d5 cxd5 29. Rxd5 Qg6 30. Qe4 g3 31. Qxh4 gxf2+ 32. Kxf2 Qb6+ 33. Qd4 Qg6 34. Rd8+ Rxd8 35. Qxd8+ Kh7 36. Qd4 Qf5+ 37. Ke3 Qh3+ 38. Kd2 g6 39. Re8 Qg2+ 40. Re2 Qc6 41. Qc3 Qd5+ 42. Kc1 h4 43. Re8 Qh1+ 44. Kb2 Qg2+ 45. Ka3 Kh6 46. Rh8+ Kg5 47. Qe3+ Kg4 48. Qd4+ Kf5 49. Qd3+ Qe4 50. Qxe4+ Kxe4 51. Rxh4+ Kf3 52. Rh7 f5 53. Rxb7 g5 54. Rxa7 g4 55. b5 g3 56. b6 g2 57. Rg7 Kf2 58. b7 f4 59. b8=Q f3 60. Qb6+ Ke2 61. Re7+ Kd3 62. Qe3+ Kc2 63. Rc7+ Kd1 64. Rc1# 1-0


[Site "https://www.chess.com"]

[Event "Titled Tuesday Blitz February 07 Early 2023"]
[White "Ladan, Nicholas"]
[Black "Vakhlamov, Igor L."]
[WhiteFideId "30918855"]
[BlackFideId "24126748"]
[WhiteElo "2228"]
[BlackElo "2413"]
[Result "1-0"]
[Round "02"]
[TimeControl "180+2"]
[Date "2023.02.07"]
[WhiteClock "0:00:06"]
[BlackClock "0:00:07"]

1. d4 d5 2. Bf4 Nf6 3. e3 Bf5 4. c4 e6 5. Nc3 Bb4 6. Qa4+ Nc6 7. Rc1 O-O 8. Nf3 Ne4 9. Ne5 Bxc3+ 10. bxc3 Nxe5 11. Bxe5 Qh4 12. g3 Qe7 13. Qb4 c5 14. Qa3 f6 15. Bf4 g5 16. g4 Bxg4 17. Rg1 Bf3 18. h4 h6 19. cxd5 exd5 20. c4 Kh8 21. hxg5 hxg5 22. Bg3 Rfe8 23. cxd5 cxd4 24. Qxe7 Rxe7 25. d6 Ree8 26. Bb5 Red8 27. d7 dxe3 28. fxe3 Nxg3 29. Rxg3 Bd5 30. Rd1 Bc6 31. Bxc6 bxc6 32. Rd6 Kg7 33. Rf3 Rf8 34. Rxc6 Rad8 35. Rc7 Rf7 36. Rxa7 Rdxd7 37. Ra6 Rb7 38. Rf5 Rb2 39. Rf2 Rxf2 40. Kxf2 Kg6 41. Kf3 Kh5 42. Ra8 f5 43. a4 Rb7 44. a5 Rb4 45. a6 g4+ 46. Kg3 f4+ 47. exf4 Rb3+ 48. Kg2 Kh4 49. Rh8# 1-0


[Site "https://www.chess.com"]

[Event "Titled Tuesday Blitz February 07 Early 2023"]
[White "Richter, Paul"]
[Black "Pakleza, Zbigniew"]
[WhiteFideId "2046350"]
[BlackFideId "1119290"]
[WhiteElo "2171"]
[BlackElo "2494"]
[Result "0-1"]
[Round "02"]
[TimeControl "180+2"]
[Date "2023.02.07"]
[WhiteClock "0:00:02"]
[BlackClock "0:00:15"]

1. e4 d6 2. d4 Nf6 3. Nc3 c6 4. f4 Qb6 5. e5 Nd5 6. Nxd5 cxd5 7. c3 Bf5 8. Nf3 e6 9. Be2 Nc6 10. O-O Be7 11. Kh1 h6 12. Bd3 g6 13. Be2 O-O-O 14. b4 Kb8 15. a4 Rc8 16. Bd2 Qc7 17. a5 g5 18. Qa4 Nd8 19. b5 Qd7 20. Qb3 g4 21. Ne1 f6 22. Nd3 Nf7 23. exf6 Bxf6 24. Nb4 h5 25. b6 a6 26. Nxa6+ bxa6 27. Bxa6 h4 28. Bxc8 Qxc8 29. a6 Qc4 30. Qa3 Ka8 31. Rfe1 h3 32. g3 Qd3 33. b7+ Ka7 34. Be3 Qe4+ 0-1


[Site "https://www.chess.com"]

[Event "Titled Tuesday Blitz February 07 Early 2023"]
[White "Kopylov, Alexander A."]
[Black "Mladek, Richard"]
[WhiteFideId "4164857"]
[BlackFideId "386588"]
[WhiteElo "2397"]
[BlackElo "2436"]
[Result "1-0"]
[Round "02"]
[TimeControl "180+2"]
[Date "2023.02.07"]
[WhiteClock "0:02:11"]
[BlackClock "0:00:07"]

1. d4 d5 2. c4 e6 3. Nf3 Nf6 4. g3 Be7 5. Bg2 O-O 6. Qc2 dxc4 7. Qxc4 a6 8. Qc2 Nbd7 9. O-O c5 10. Rd1 cxd4 11. Nxd4 Bc5 12. Nc3 Qe7 13. h3 Rd8 14. Be3 Ne5 15. Rac1 Nc4 16. Nc6 Rxd1+ 17. Rxd1 bxc6 18. Bxc5 Qc7 19. Ne4 Nb6 20. Nxf6+ gxf6 21. Qc3 Nd5 22. Bxd5 cxd5 23. b4 Kg7 24. Rd4 h5 25. Bf8+ 1-0


[Site "https://www.chess.com"]